 Dungeon Crawl Stone Soup version 0.28.0 (webtiles) character file.

Game seed: 17178750410824569376

1145 Morbidden the Slasher (level 8, -2/61 HPs)
             Began as a Demonspawn Fighter on Feb 15, 2022.
             Was a Follower of Cheibriados.
             Succumbed to a gnoll sergeant's poison
             ... on level 5 of the Dungeon.
             The game lasted 00:10:19 (6666 turns).

Morbidden the Slasher (Demonspawn Fighter)          Turns: 6666, Time: 00:10:20

Health: -2/61      AC: 12    Str: 20    XL:     8   Next: 15%
Magic:  12/12      EV:  8    Int: 12    God:    Cheibriados [*.....]
Gold:   213        SH:  6    Dex: 15    Spells: 11/12 levels left

rFire   . . .      SeeInvis .   a - +0 long sword
rCold   . . .      Faith    .   c - +1 buckler
rNeg    . . .      Spirit   .   r - +0 chain mail
rPois   .          Reflect  .   (no helmet)
rElec   .          Harm     .   (no cloak)
rCorr   .          Rampage  .   (no gloves)
Will    .....                   j - +0 pair of boots
Stlth   ..........              k - amulet of magic regeneration
HPRegen 1.20/turn               (no ring)
MPRegen 0.53/turn               (no ring)

@: lethally poisoned (-2 -> -14), very slow
A: slimy green scales 1, powered by death 1
a: Renounce Religion, Bend Time


You were on level 5 of the Dungeon.
You worshipped Cheibriados.
Cheibriados was aware of your devotion.
You visited 2 branches of the dungeon, and saw 6 of its levels.
You also visited: Ossuary.

You collected 213 gold pieces.

Inventory:

Hand Weapons
 a - a +0 long sword (weapon)
 n - a +0 club
Missiles
 o - 2 poisoned darts (quivered)
Armour
 c - a +1 buckler (worn)
 j - a +0 pair of boots (worn)
 r - a +0 chain mail (worn)
Jewellery
 k - an amulet of magic regeneration (around neck)
Wands
 f - a wand of digging (5)
 h - a wand of iceblast (14)
 m - a wand of mindburst (1)
Scrolls
 b - a scroll of enchant armour
 e - 7 scrolls of teleportation
 g - a scroll of enchant weapon {unknown}
 i - 3 scrolls of identify
 p - 2 scrolls of immolation {unknown}
 q - a scroll of blinking
 t - a scroll of vulnerability {unknown}
 u - 5 scrolls of amnesia
 v - a scroll of magic mapping {unknown}
 w - a scroll of silence {unknown}
Potions
 d - a potion of might
 l - a potion of attraction
 x - a potion of mutation {unknown}


   Skills:
 * Level 4.6 Fighting
 * Level 5.1 Long Blades
 + Level 4.2 Armour
 * Level 2.2 Dodging
 + Level 3.4 Shields
 * Level 2.9 Spellcasting
 * Level 2.6 Conjurations
 * Level 2.1 Invocations
 + Level 0.5 Evocations


You had 11 spell levels left.
You knew the following spells:

 Your Spells              Type           Power      Damage    Failure   Level
a - Magic Dart            Conj           32%        1d4       73%         1

Your spell library contained the following spells:

 Spells                   Type           Power      Damage    Failure   Level
 Searing Ray              Conj           16%        2d5       86%         2
 Fulminant Prism          Conj/Hex       2%         3d6       100%        4


Dungeon Overview and Level Annotations

Branches:
Dungeon (5/15)             Temple (1/1) D:4         Ossuary (visited)

Altars:
Ashenzari
Cheibriados
Dithmenos
Elyvilon
Fedhas
Hepliaklqana
Kikubaaqudgha
Makhleb
Okawaru
Ru
Sif Muna
Wu Jian
Xom
Zin

Shops:
D:3 (


Innate Abilities, Weirdness & Mutations

You are partially covered in slimy green scales. (AC +2)
You regenerate a little health from kills.


Message History

Unknown command.
Aiming: Mindburst
Press: ? - help, Shift-Dir - straight line, f/p - gnoll sergeant
Aim: a gnoll sergeant, wielding a +4 spear of venom and wearing a +0 plate armour (chance to affect: 66%)
The gnoll's mind is blasted!!
You blow up the gnoll!
Cheibriados thoroughly appreciates the change of pace.
You feel sick. You block the gnoll sergeant's attack.
Unknown command.
Aiming: Mindburst
Press: ? - help, Shift-Dir - straight line, f/p - gnoll sergeant
Aim: a gnoll sergeant, wielding a +4 spear of venom and wearing a +0 plate armour (chance to affect: 66%)
The gnoll sergeant's mind is blasted!
You feel very sick. You block the gnoll sergeant's attack.
Unknown command.
Aiming: Iceblast
Press: ? - help, Shift-Dir - straight line, f/p - gnoll sergeant
Aim: a gnoll sergeant, wielding a +4 spear of venom and wearing a +0 plate armour (heavily wounded)
The mass of ice explodes!
The iceblast engulfs the gnoll sergeant!
The gnoll sergeant is severely wounded.
You feel sick.
You hear an angry buzzing noise. x4
The gnoll sergeant hits you from afar with a +4 spear of venom!
* * * LOW HITPOINT WARNING * * *
You are more poisoned.
Unknown command.
Unknown command.
That's the wrong kind of item! (Use * to select it.) Evoke which item? (* to show all) (? for menu, Esc to quit)
Okay, then.
Unknown command.
Aiming: Iceblast
Press: ? - help, Shift-Dir - straight line, f/p - gnoll sergeant
Aim: a gnoll sergeant, wielding a +4 spear of venom and wearing a +0 plate armour (severely wounded)
The mass of ice explodes!
The iceblast engulfs the gnoll sergeant.
The gnoll sergeant is almost dead.
You die...

# #####'###.#
# #.###.#
#..##.#
##.##.#### .
#.#.....##...
#............
##...g.......
#.#)#g......
#.#@#.......
#...#.......
##..#.......
#..#####...
##.# ... #>#
## #.# #.#


You could see a gnoll sergeant.

Vanquished Creatures
  A wyvern (D:5)
  A sky beast (D:5)
  A necrophage (D:4)
  2 ogres
  A centaur (D:5)
  An elf zombie (Ossuary)
  An orc priest (D:4)
  A gnoll shaman (D:5)
  A hound (D:5)
  2 iguanas (D:5)
  A hound skeleton (D:4)
  3 mummies (Ossuary)
  13 gnolls
  7 adders
  An ufetubus (D:4)
  5 adder zombies (Ossuary)
  A worm (D:2)
  2 dart slugs (D:4)
  8 orcs
  9 ball pythons
  4 bats
  4 endoplasms
  A giant cockroach (D:3)
  3 goblins
  3 hobgoblins
  3 jackals
  5 quokkas
  2 frilled lizards (D:2)
  2 goblin zombies
  A hobgoblin zombie (Ossuary)
  5 kobolds
  6 quokka zombies (Ossuary)
  5 rats
  5 rat zombies
111 creatures vanquished.

Notes
Turn   | Place    | Note
-------+----------+-------------------------------------------
     0 | D:1      | Morbidden the Demonspawn Fighter began the quest for the
                  | Orb.
     0 | D:1      | Reached XP level 1. HP: 18/18 MP: 1/1
   446 | D:1      | Gained mutation: You regenerate a little health from kills.
                  | [demonic ancestry]
   446 | D:1      | Reached XP level 2. HP: 23/24 MP: 2/2
   997 | D:2      | Reached skill level 2 in Long Blades
  1001 | D:2      | Reached XP level 3. HP: 18/29 MP: 3/3
  1320 | D:2      | Learned a level 1 spell: Magic Dart
  1854 | D:2      | Gained mutation: You are partially covered in slimy green
                  | scales. (AC +2) [demonic ancestry]
  1854 | D:2      | Reached XP level 4. HP: 33/35 MP: 4/4
  2632 | D:3      | Found Ariybb's Weapon Emporium.
  2811 | D:3      | Reached skill level 1 in Dodging
  2811 | D:3      | Reached skill level 1 in Spellcasting
  2857 | D:3      | Reached XP level 5. HP: 16/41 MP: 6/6
  3047 | D:3      | Found a faded altar of an unknown god.
  3113 | D:3      | Reached skill level 3 in Long Blades
  3633 | D:4      | Found a sand-covered staircase.
  3640 | Ossuary  | Entered an ossuary
  4125 | Ossuary  | Reached skill level 1 in Conjurations
  4125 | Ossuary  | Reached XP level 6. HP: 34/48 MP: 8/8
  4573 | D:4      | Found a staircase to the Ecumenical Temple.
  4590 | Temple   | Entered the Ecumenical Temple
  4823 | Temple   | Became a worshipper of Cheibriados the Contemplative
  5183 | D:4      | Reached skill level 4 in Long Blades
  5281 | D:4      | Reached skill level 1 in Invocations
  5281 | D:4      | Reached XP level 7. HP: 28/54 MP: 9/9
  6014 | D:5      | Entered Level 5 of the Dungeon
  6126 | D:5      | Reached * piety under Cheibriados
  6382 | D:5      | Noticed a wyvern
  6391 | D:5      | Killed a wyvern
  6392 | D:5      | Reached XP level 8. HP: 33/61 MP: 12/12
  6396 | D:5      | Reached skill level 5 in Long Blades
  6665 | D:5      | HP: 1/61 [gnoll sergeant (8)]
  6666 | D:5      | Succumbed to a gnoll sergeant's poison

Illustrated notes

Levels and vault maps discovered:
D:1:      minmay_arrival_nine_rooms, layout_loops_ring
D:2:      layout_loops_corners, st_stairs_1
D:3:      minmay_general_purpose_star, layout_basic,
          ebering_ecumenical_altar_sacrificial, serial_shops,
          nicolae_diamond_shop, nicolae_figureground_pulse
D:4:      layout_layer_cave, minmay_temple_entry_junction, enter_ossuary_4,
          amcnicky_mini_pool_small
D:5:      layout_basic
Temple:   mainiacjoe_temple_trianglar_array

Skill      XL: |  1  2  3  4  5  6  7  8 |
---------------+-------------------------+-----
Long Blades    | 2 3 4 5 |  5.1
Armour         | 3 4 |  4.2
Dodging        | 1 2 |  2.2
Shields        | 3 |  3.4
Spellcasting   | 1 2 |  2.9
Fighting       | 4 |  4.6
Conjurations   | 1 2 |  2.6
Invocations    | 1 2 |  2.1
Evocations     | |  0.5

Action                   |  1- 3 |  4- 6 |  7- 9 || total
-------------------------+-------+-------+-------++-------
Melee: Long sword        |    89 |   230 |    55 ||   374
Throw: Dart              |       |     2 |       ||     2
Evoke: Wand              |       |     5 |    17 ||    22
  Use: Scroll            |       |     4 |       ||     4
       Potion            |       |     4 |     3 ||     7
Armor: Scale mail        |    52 |    49 |       ||   101
       Chain mail        |       |    90 |    51 ||   141
Dodge: Dodged            |    44 |   120 |    34 ||   198
Block: Buckler           |    20 |    67 |    34 ||   121
